 Dungeon Crawl Stone Soup version 0.31-a0-600-g62dffe198b (webtiles) character file.

Game seed: 16980349180050432850

79 Pyroue the Insei (level 4, 0/40 HPs)
             Began as a Hill Orc Monk on Aug 20, 2023.
             Slain by Sigmund
             ... wielding a +4 scythe of protection
              (4 damage)
             ... on level 2 of the Dungeon.
             The game lasted 00:09:23 (1078 turns).

Pyroue the Insei (Hill Orc Monk)                    Turns: 1078, Time: 00:09:24

Health: 0/40       AC:  2    Str: 13    XL:     4   Next: 38%
Magic:  4/4        EV: 13    Int: 10    God:
Gold:   36         SH:  0    Dex: 15    Spells: 3/3 levels left

rFire   . .          .
                       - Unarmed
rCold   . . .        j - orb {*Rage}
rNeg    . . .        a - +0 robe
rPois   .            (no helmet)
rElec   .            (no cloak)
rCorr   .            (no gloves)
SInv    .            (no boots)
Will    .....        (no amulet)
Stlth   +            (no ring)
HPRegen 0.26/turn    (no ring)
MPRegen 0.09/turn

%: random rage (20%)
@: on berserk cooldown, slowed, very slow
A: no striking features
a: no special abilities


You were on level 2 of the Dungeon.
You visited 1 branch of the dungeon, and saw 2 of its levels.

You collected 36 gold pieces.

Inventory:

Hand Weapons
 g - a +1 short sword of flaming
 l - a +0 dagger
Armour
 a - a +0 robe (worn)
 c - an orb of light
 j - an orb of wrath (worn)
 k - a +0 scale mail of fire resistance
Scrolls
 e - a scroll of identify
 h - a scroll of noise {unknown}
 n - a scroll of immolation {unknown}
Potions
 b - a potion of ambrosia
 d - a potion of enlightenment {unknown}
 f - 2 potions of haste
 i - a potion of mutation {unknown}
 m - a potion of brilliance {unknown}


   Skills:
 + Level 4.3 Fighting
 + Level 2.9 Dodging
 + Level 4.6 Unarmed Combat


You had 3 spell levels left.
You didn't know any spells.
Your spell library was empty.

Dungeon Overview and Level Annotations

Branches:
Dungeon (2/15)

Altars:

Annotations:
D:2 Sigmund


Message History

Sigmund casts a spell at you. You resist with some effort.
Sigmund giggles. "Time to reap what you sow."
Sigmund gestures at you while chanting.
You are confused.
Sigmund barely misses you.
You bump into the tree.
Sigmund hits you from afar with a +4 scythe of protection.
Unknown command.
Unknown command.
You bump into the tree.
Sigmund barely misses you.
You bump into the tree.
Sigmund closely misses you.
You feel less confused.
A red film seems to cover your vision as you go berserk!
You feel yourself moving faster!
You feel mighty!
You punch Sigmund!
Sigmund is moderately wounded.
Sigmund casts a spell.
Sigmund flickers and vanishes!
Deactivating autopickup; reactivate with Ctrl-A.
You punch something! Something hits you!
You hit something but do no damage. You closely miss something.
Something hits you.
You hit something. You punch something! You closely miss something.
You hear some strange, mumbled words.
You are confused.
You bump into the tree.
Something hits you!
You bump into the tree.
You feel a strong urge to attack something.
You are no longer berserk.
You are exhausted.
You feel yourself slow down. Something hits you.
You bump into the tree.
You feel less confused. Something hits you!
* * * LOW HITPOINT WARNING * * *
Something hits you.
You die...

♣.♣............####....♣
..P♣@.....♣.♣.### #..P
P♣♣♣.....♣P.♣♣.. ♣.
♣♣......♣...♣♣♣
#.......♣...P.♣
#.......♣P....♣
#.......♣♣♣..♣♣♣
#........♣.♣{..♣
##........♣♣♣@♣♣
##......#♣ ♣..♣ ########
♣♣♣#


There were no monsters in sight!

Vanquished Creatures
  Jessica (D:2)
  3 dart slugs (D:1)
  6 bats
  5 endoplasms
  4 goblins
  2 hobgoblins
  7 jackals
  6 kobolds
  A ball python (D:1)
  4 frilled lizards
  5 rats
44 creatures vanquished.

Notes
Turn   | Place    | Note
-------+----------+-------------------------------------------
     0 | D:1      | Pyroue the Hill Orc Monk began the quest for the Orb.
     0 | D:1      | Reached XP level 1. HP: 19/19 MP: 1/1
    98 | D:1      | Upgraded the game from 0.31-a0-595-g4209ae197b to
                  | 0.31-a0-600-g62dffe198b
   123 | D:1      | Reached XP level 2. HP: 25/27 MP: 2/2
   315 | D:1      | Reached XP level 3. HP: 33/33 MP: 3/3
   665 | D:2      | Noticed Jessica
   677 | D:2      | Killed Jessica
   678 | D:2      | Reached XP level 4. HP: 36/40 MP: 4/4
   800 | D:2      | Found a faded altar of an unknown god.
   816 | D:2      | Noticed a black bear
   817 | D:2      | Noticed Sigmund
  1078 | D:2      | Slain by Sigmund

Illustrated notes

Levels and vault maps discovered:
D:1:      scummos_arrival_hexagon, layout_rooms, minmay_misc_feat_rows,
          kennysheep_flooded_box, minivault_23
D:2:      layout_rooms, serial_forest, infiniplex_forest_end_3,
          infiniplex_forest_clump_diagonal, infiniplex_forest_clump_double,
          infiniplex_forest_clump_small, infiniplex_forest_end_1,
          infiniplex_forest_clump_small, infiniplex_forest_diagonal,
          infiniplex_forest_clump_large, infiniplex_forest_end_2,
          shapermc_ecumenical_altar_pompeii, uniq_jessica, uniq_natasha,
          uniq_sigmund

Skill      XL: |  1  2  3 |
---------------+----------+-----
Fighting       | 4 |  4.3
Unarmed Combat | 4 |  4.6
Dodging        | |  2.9

Action                     |  1- 3 |  4- 6 || total
---------------------------+-------+-------++-------
  Melee: Unarmed           |    61 |    58 ||   119
    Use: Scroll            |     1 |       ||     1
   Stab: Distracted        |       |     1 ||     1
 Armour: Robe              |     8 |     7 ||    15
  Dodge: Dodged            |    27 |    50 ||    77

Table legend: (Time is in decaauts)
 A = Elapsed time spent in this place.
 B = Non-inter-level travel time spent in this place.
 C = Inter-level travel time spent in this place.
 D = Time resting spent in this place.
 E = Time spent auto-exploring this place.
 F = Levels seen in this place.
 G = Mean time per level.
                   A        B        C        D        E       F      G
               +--------+--------+--------+--------+--------+-----+--------+
         Total |   1093 |    592 |    501 |    147 |      0 |   2 |  546.5 |
       Dungeon |   1093 |    592 |    501 |    147 |      0 |   2 |  546.5 |
               +--------+--------+--------+--------+--------+-----+--------+

Top non-repeatable levels by time:
     D:1: 838 daAuts
     D:2: 255 daAuts
